cohdb
Replays
Latest Replays
All Replays
Popular Replays
Top Player Replays
Match Explorer
How It Works
Community
CoH3 Stats
Reddit
Sign in to upload your games and track your stats! →
Sign in with Steam
Match 41867113
Unlisted
Match 41867113
Overview
Messages
Build Orders
End
Construct Infanterie Kompanie
Selects Terror Battlegroup
Selects Machine Gun Camouflage
MG 42 Machine Gun Team
MG 42 Machine Gun Team
Grenadier Squad
Grenadier Squad
Infanterie Officer Quarters
GrW 34 Mortar Team
Construct Panzergrenadier Kompanie
Pak 40 Anti-tank Gun Team
251 Medium Carrier
Panzergrenadier Squad
Selects Contempt for the Weak
Selects Propaganda Leaflet Drop
Construct Panzer Kompanie
Propaganda Leaflet Drop
Sturmpanzer IV Brummbär
Ex-Wixxer vom Schlüsseldienst
Agi
Nebelwerfer
大屌肥毛又臭
✧DarК✠КnighT✧
Asni
vonAJ
[HAN]Alan
0
0
Comments
sign in to comment!
No comments posted yet!